[Event "Live Chess"]
[Site "Chess.com"]
[Date "2023.05.21"]
[Round "-"]
[White "BJAW87"]
[Black "grillage"]
[Result "0-1"]
[WhiteElo "1436"]
[BlackElo "1848"]
[TimeControl "300"]
[EndTime "16:17:29 PDT"]
[Termination "grillage won by resignation"]

1. e4 d5 2. exd5 Qxd5 3. Nc3 Qd8 4. Nf3 Nf6 5. Bc4 a6 6. a4 Nc6 7. d3 Bg4 8. Nd5 Nxd5 9. Bg5 Nf6 10. Bxf6 Bxf3 11.
Qxf3 exf6 12. O-O Be7 13. Rfe1 O-O 14. Re2 Ne5 15. Qe4 Nxc4 16. Qxc4 Bd6 17. Rae1 Qd7 18. Qe4 g6 19. Qxb7 Rae8 20. Rxe8 Rxe8 21. Rxe8+ Qxe8 22. g3 Qxa4 23. Qc8+ Kg7 24. Qg4 Qxc2 0-1

[Event "Live Chess"]
[Site "Chess.com"]
[Date "2023.05.21"]
[Round "-"]
[White "IgorSchukin"]
[Black "LutherSullivan"]
[Result "0-1"]
[WhiteElo "1749"]
[BlackElo "2073"]
[TimeControl "300"]
[EndTime "16:17:59 PDT"]
[Termination "LutherSullivan won on time"]

1. e4 c5 2. a3 g6 3. Nc3 Bg7 4. Nf3 Nc6 5. Bc4 e6 6. d3 Nge7 7. O-O O-O 8. Bg5 h6 9. Bh4 Nd4 10. h3 Rb8 11. Nxd4 cxd4 12. Nb5 a6 13. Nd6 Be5 14.
Nxc8 Rxc8 15. f4 Bh8 16. f5 d5 17. f6 Nc6 18. exd5 exd5 19. Bb3 Na5 20. Ba2 Rc6 21. Qf3 g5 22. Be1 Rxf6 23. Qxd5 Rxf1+ 24. Kxf1 Nc6 25. Bb4 Qxd5 26. Bxd5 Rd8 27. Bb3 Be5 28. g4 Kg7 29. Kg2 Bf4 30. Bc5 Re8 31. Rf1 Re3 32. Bd5 Rg3+ 33. Kf2 Rxh3 34. Bxc6 bxc6 35. Bxd4+ f6 36. Ke2 h5 37. gxh5 Rxh5 38. Kf3 Rh3+ 39. Ke4 Kg6 40. c4 Rh8 41. b4 f5+ 42. Kf3 Bc7 43. Re1 g4+ 44. Kg2 Rh2+ 45. Kg1 Rd2 46.
Re6+ Kg5 47. Bf6+ Kf4 48. Re7 Kg3 0-1

[Event "Live Chess"]
[Site "Chess.com"]
[Date "2023.05.21"]
[Round "-"]
[White "flyingpuffins"]
[Black "GMHarry-youtube"]
[Result "1-0"]
[WhiteElo "1946"]
[BlackElo "2012"]
[TimeControl "300"]
[EndTime "16:18:23 PDT"]
[Termination "flyingpuffins won by checkmate"]

1. e4 c5 2. Nf3 d6 3. d4 cxd4 4. Nxd4 Nf6 5. Nc3 g6 6. f4 Bg7 7. e5 dxe5 8. fxe5 Nfd7 9. e6 Ne5 10. exf7+ Nxf7 11. Bb5+ Bd7 12. O-O Qb6 13. Be3 Bxb5 14. Ncxb5 O-O 15. Qd3 Kh8 16. Nf5 Qf6 17. Nxg7 Qxg7 18.
Nc7 Nc6 19. Nxa8 Rxa8 20. Qb3 Nd6 21. Kh1 Nf5 22. Rxf5 gxf5 23. Qxb7 Rg8 24. Qxc6 Qxb2 25. Rg1 Rg6 26. Qe8+ Rg8 27. Qxe7 Rg7 28. Qd8+ Rg8 29. Bd4+ Qxd4 30. Qxd4+ Rg7 31. Re1 Kg8 32. Qxg7+ Kxg7 33. Re7+ Kh6 34. Rxa7 Kh5 35. Rb7 Kg4 36. Kg1 h5 37. Kf2 Kh4 38. h3 f4 39. a4 f3 40. Kxf3 Kg5 41. a5 Kh4 42. a6 Kg5 43. a7 Kh4 44.
a8=Q Kg5 45. Qd8+ Kf5 46. Rb5+ Ke6 47. Qb6+ Kd7 48. Qh6 Ke7 49. Rb7+ Kd8 50. Kf2 Kc8 51. Kf1 Kd8 52. Kg1 Kc8 53. Kh2 Kd8 54. Rg7 Kc8 55. c3 Kd8 56. c4 Kc8 57. Kg3 Kd8 58. Kh4 Kc8 59. Kg5 Kd8 60. Kg6 Kc8 61. Kh7 Kd8 62. Kh8 Kc8 63. Kg8 Kd8 64. Kf7 Kc8 65. Qh8+ Kb7 66. Kg6+ Kb6 67. Kxh5 Kc5 68. Qc8+ Kb4 69.
Rg8 Kc3 70. Rg7 Kd4 71. c5 Kc3 72. c6 Kd4 73. c7 Kc4 74. Qd8 Kc5 75. c8=Q+ Kb5 76.
Kh6 Ka4 77. Kg6 Kb5 78. Kg5 Ka4 79. Kg4 Kb5 80. Kg3 Ka4 81. Kh2 Kb5 82. Kh1 Ka4 83. Kg1 Kb5 84. Kf1 Ka4 85. Kf2 Kb5 86. Kf3 Ka4 87. Kf4 Kb5 88. Kf5 Ka4 89. Kf6 Kb5 90. Kf7 Ka4 91. Kf8 Kb5 92. Ke8 Ka4 93. Ke7 Kb5 94. Ke6 Ka4 95. Ke5 Kb5 96. Ke4 Ka4 97. Ke3 Kb5 98. Ke2 Ka4 99. Ke1 Kb5 100. Kd1 Ka4 101. Kd2 Kb5 102. Rb7+ Ka4 103. Qa8# 1-0

[Event "Live Chess"]
[Site "Chess.com"]
[Date "2023.05.21"]
[Round "-"]
[White "1600x"]
[Black "Hussamalhaidar"]
[Result "1-0"]
[WhiteElo "1826"]
[BlackElo "1039"]
[TimeControl "300"]
[EndTime "16:18:24 PDT"]
[Termination "1600x won on time"]

1. d4 e5 2. e4 exd4 3. Nf3 Nf6 4. e5 Ne4 5. Qxd4 Nc5 6. Bg5 f6 7. Bc4 fxg5 8. Nc3 Nc6 9. Qg4 d5 10. Qxg5 Qxg5 11. Nxg5 dxc4 12. Nb5 Na6 13. Kf1 Bc5 14. f4 h6 15. Nf3 Bg4 16. Ke2 Nd4+ 17. Nxd4 Bxd4 18.
c3 Bc5 19. g3 O-O-O 20. Rac1 Bxf3+ 21. Kxf3 Rd2 22. b4 cxb3 23. axb3 Rf2+ 24. Ke4 Be7 25. b4 Rd8 26. Rcf1 Re2+ 27. Kf3 Rc2 28. Rc1 Rd3+ 29. Kg4 Rdxc3 30. Rxc2 Rxc2 31. b5 Nc5 32. h4 Rb2 33. Ra1 Rxb5 34. Rxa7 Ne4 35.
Ra8+ Kd7 36. Kf3 Nd2+ 37. Kg2 c5 38. Ra2 Ne4 39. Re2 c4 40. Rxe4 c3 41. Rc4 Rb2+ 42. Kf1 c2 43. f5 Rb1+ 44. Kf2 c1=Q 45. Rxc1 Rxc1 46. Kf3 Rc3+ 47. Kg4 b5 48. Kh3 b4 49.
Kg4 b3 50. Kh5 b2 51. Kg6 Bf8 52. Kf7 b1=Q 53. g4 Qe4 54. e6+ Kd8 55. Kxf8 Rc7 56. e7+ Rxe7 57. Kg8 Re8+ 58. Kxg7 Qe5+ 59. f6 Qc7+ 60.
Kxh6 Rg8 61. Kh5 1-0

[Event "Live Chess"]
[Site "Chess.com"]
[Date "2023.05.21"]
[Round "-"]
[White "LL220284LL"]
[Black "Conradical12"]
[Result "1-0"]
[WhiteElo "2391"]
[BlackElo "1608"]
[TimeControl "300"]
[EndTime "16:18:33 PDT"]
[Termination "LL220284LL won by resignation"]

1. e3 e5 2. b3 Nc6 3. Bb2 Bc5 4.
d4 exd4 5. exd4 Bd6 6. Nf3 Nf6 7. d5 Ne7 8. c4 Ng6 9. Bd3 Qe7+ 10. Be2 Nf4 11.
Nc3 Bc5 12. O-O Ng4 13. d6 cxd6 14. Nd5 Nxd5 15. Qxd5 O-O 16. Bd3 Rb8 17. Qf5 Nf6 18. Bxf6 1-0

[Event "Live Chess"]
[Site "Chess.com"]
[Date "2023.05.21"]
[Round "-"]
[White "JohanKjeldahl"]
[Black "jimwad"]
[Result "1-0"]
[WhiteElo "1874"]
[BlackElo "1209"]
[TimeControl "300"]
[EndTime "16:18:34 PDT"]
[Termination "JohanKjeldahl won by resignation"]

1. e4 e5 2. Nf3 Nc6 3. d4 exd4 4. c3 dxc3 5. Bc4 Nf6 6. Nxc3 Bb4 7. O-O O-O 8. e5 Ng4 9. Bf4 Bxc3 10. bxc3 d6 11. exd6 cxd6 12. Qxd6 Qxd6 13. Bxd6 Re8 14. Rad1 Be6 15.
Bxe6 Rxe6 16. h3 Nf6 17. Ng5 Re7 18. Bxe7 1-0

[Event "Live Chess"]
[Site "Chess.com"]
[Date "2023.05.21"]
[Round "-"]
[White "LiamBellwood"]
[Black "Jo1ts"]
[Result "1-0"]
[WhiteElo "2060"]
[BlackElo "776"]
[TimeControl "300"]
[EndTime "16:18:35 PDT"]
[Termination "LiamBellwood won by resignation"]

1. d4 d5 2. Nc3 c5 3. e4 Nc6 4. exd5 Nxd4 5. Be3 Nf5 6. Bb5+ Bd7 7. Bxd7+ Qxd7 8.
Bxc5 Nf6 9. Nf3 Nxd5 10. Qxd5 Qxd5 11. Nxd5 1-0

[Event "Live Chess"]
[Site "Chess.com"]
[Date "2023.05.21"]
[Round "-"]
[White "CameronM1234"]
[Black "ms_lilley"]
[Result "1-0"]
[WhiteElo "1096"]
[BlackElo "587"]
[TimeControl "300"]
[EndTime "16:18:36 PDT"]
[Termination "CameronM1234 won by checkmate"]

1. e4 e6 2. d3 c6 3. Nf3 h6 4. g3 Nf6 5. Bg2 d5 6. e5 Ng4 7.
d4 Nd7 8. h3 Ngxe5 9. dxe5 Nxe5 10. Nxe5 Bc5 11. O-O O-O 12. a3 Qf6 13. Nd3 b6 14.
Nxc5 bxc5 15. Nc3 d4 16. Ne4 Qe5 17. Re1 Ba6 18. Bf4 Qf6 19. Nxf6+ gxf6 20. Bxh6 Rfd8 21.
Qg4+ Kh7 22. Qg7# 1-0

[Event "Live Chess"]
[Site "Chess.com"]
[Date "2023.05.21"]
[Round "-"]
[White "ZackirtyChess"]
[Black "martynstanley"]
[Result "0-1"]
[WhiteElo "1159"]
[BlackElo "1031"]
[TimeControl "300"]
[EndTime "16:18:47 PDT"]
[Termination "martynstanley won by checkmate"]

1. e4 e6 2. d4 d6 3. c4 c5 4. Nf3 Nc6 5. d5 Qa5+ 6. Nc3 Nd4 7. Nxd4 cxd4 8. Qxd4 e5 9. Qd3 Ne7 10. Be3 Ng6 11.
Be2 Nf4 12. Bxf4 exf4 13. O-O g5 14. e5 Qc7 15. exd6 Bxd6 16. Qd4 b6 17. Qxh8+ Kd7 18. Bg4+ Ke7 19. Qxh7 Bxg4 20. Qe4+ Kd7 21. f3 Bh5 22.
Qh7 Bg6 23. Qh6 Rg8 24. h4 gxh4 25. Qxh4 Qd8 26. Qxd8+ Rxd8 27. Rfe1 Rh8 28. Re2 Bd3 29. Rd2 Bxc4 30. b3 Ba6 31. Rad1 b5 32. a4 b4 33. Na2 Bb7 34. Rd4 a5 35. Kf2 Ba6 36. Re1 Re8 37. Rxe8 Kxe8 38. Re4+ Kd7 39. Nc1 Be7 40. Nd3 Bxd3 41. Rxf4 f6 42. Rd4 Bc2 43. Rd2 Bxb3 44. Rd3 Bxa4 45. Ke3 Bb5 46. Rd4 Kd6 47. g4 Kc5 48. Rd1 Bc4 49. Ke4 Bd6 50. f4 b3 51.
g5 fxg5 52. fxg5 Bf8 53. g6 a4 54. Rf1 Bg7 55. Rf7 Bxd5+ 56. Kf5 Bxf7 57. gxf7 b2 58.
Kg6 Bf8 59. Kh7 Bd6 60. Kg8 b1=Q 61. Kh8 Qb2+ 62. Kg8 a3 63. Kh7 a2 64. Kg8 a1=Q 65.
f8=Q Bxf8 66. Kxf8 Qe2 67. Kf7 Qaf1+ 68. Kg6 Qeg2+ 69.
Kh5 Qfh1# 0-1

[Event "Live Chess"]
[Site "Chess.com"]
[Date "2023.05.21"]
[Round "-"]
[White "chessfiction"]
[Black "Biranidun"]
[Result "0-1"]
[WhiteElo "2340"]
[BlackElo "2691"]
[TimeControl "300"]
[EndTime "16:18:56 PDT"]
[Termination "Biranidun won by resignation"]

1. e4 c5 2. Nf3 d6 3. d4 cxd4 4. c3 Nf6 5. Bd3 dxc3 6. Nxc3 Nc6 7. O-O Bg4 8. Bg5 e6 9. Rc1 a6 10. Re1 Be7 11. h3 Bxf3 12. Qxf3 O-O 13. Qe3 h6 14. Bxh6 gxh6 15. Qxh6 Ne5 16. Re3 Nfg4 17. hxg4 Bg5 18. Qh5 Bxe3 19. fxe3 Nxd3 20. Rf1 Ne5 21. g5 Ng6 22. Rf6 Qe8 23. Ne2 Rc8 24. Nf4 Rc1+ 25. Kh2 Rc7 26. Nxg6 fxg6 27. Rxg6+ Rg7 28. Rxg7+ Kxg7 29. Qh6+ Kg8 30. g6 Qe7 0-1

[Event "Live Chess"]
[Site "Chess.com"]
[Date "2023.05.21"]
[Round "-"]
[White "mikkyb4"]
[Black "LiamClery2020"]
[Result "0-1"]
[WhiteElo "1030"]
[BlackElo "2065"]
[TimeControl "300"]
[EndTime "16:19:00 PDT"]
[Termination "LiamClery2020 won by resignation"]

1. e4 Nf6 2. Nc3 e5 3. f4 d5 4. fxe5 Nxe4 5. Qf3 Nc6 6. Bb5 Nxc3 7. dxc3 Qh4+ 8. g3 Qe4+ 9. Be3 Bf5 10. Bxc6+ bxc6 11. Rb1 Qxe5 12. Ne2 Be4 13. Bd4 Bxf3 14. Bxe5 Bxh1 15. Nf4 Be4 16. Rc1 Bd6 17. Bxg7 Rg8 18.
Bd4 Bxf4 19. gxf4 O-O-O 20. Bxa7 Rg2 21. Kd1 Bf3+ 22. Ke1 Re8+ 23. Kf1 Rxh2 0-1

[Event "Live Chess"]
[Site "Chess.com"]
[Date "2023.05.21"]
[Round "-"]
[White "CeladonFish"]
[Black "AlanPaling"]
[Result "0-1"]
[WhiteElo "1119"]
[BlackElo "1341"]
[TimeControl "300"]
[EndTime "16:19:46 PDT"]
[Termination "AlanPaling won by resignation"]

1. d4 e5 2. dxe5 Nc6 3. Bf4 Qe7 4. Nf3 Qb4+ 5. Nbd2 Qxf4 6. e3 Qb4 7. b3 Nge7 8.
Qe2 Ng6 9. Qc4 Qxc4 10. Bxc4 Ncxe5 11. O-O Nxc4 12. Nxc4 Bb4 13. Rfd1 O-O 14. Nfe5 Nxe5 15. Nxe5 Bc3 16. Nxd7 Bxd7 17. Rxd7 Bxa1 18. Rxc7 0-1

[Event "Live Chess"]
[Site "Chess.com"]
[Date "2023.05.21"]
[Round "-"]
[White "Dark_Night123"]
[Black "KGreenGator"]
[Result "0-1"]
[WhiteElo "1563"]
[BlackElo "1766"]
[TimeControl "300"]
[EndTime "16:19:49 PDT"]
[Termination "KGreenGator won by resignation"]

1. e4 c5 2. c3 Nc6 3. d4 cxd4 4. cxd4 d5 5. e5 e6 6. Nc3 a6 7. Nf3 Nge7 8. Be3 Ng6 9. Bd3 Be7 10. O-O O-O 11. Rc1 Nb4 12. Bb1 Bd7 13. a3 Nc6 14. Na4 Qa5 15. Nc5 Bxc5 16. Rxc5 Qb6 17. b4 a5 18. Qd2 axb4 19. axb4 Qxb4 20. Qc1 b6 21. Rxc6 Bxc6 22. Qxc6 Rfc8 23. Qb7 Qa5 24. Rc1 Rxc1+ 25. Bxc1 h6 26. Bxg6 fxg6 27. Qe7 Qc3 28. Qxe6+ Kh7 29. Bd2 Ra1+ 0-1

[Event "Live Chess"]
[Site "Chess.com"]
[Date "2023.05.21"]
[Round "-"]
[White "AbilifyXL"]
[Black "toog"]
[Result "0-1"]
[WhiteElo "1979"]
[BlackElo "2582"]
[TimeControl "300"]
[EndTime "16:20:06 PDT"]
[Termination "toog won by resignation"]

1. d4 Nf6 2. c4 e5 3. dxe5 Ng4 4. Nf3 Nc6 5. Nbd2 Ngxe5 6. Nxe5 Nxe5 7. e3 Bc5 8. b3 O-O 9. Bb2 Re8 10. Be2 a5 11.
Nf3 Bb4+ 12. Nd2 Ra6 13. O-O Rh6 14. Nf3 Nxf3+ 15. Bxf3 Qh4 16. h3 d6 17. Qd4 Qg5 18. Kh2 c6 19. Rad1 d5 20. cxd5 Bd6+ 21. Kg1 Bxh3 22.
dxc6 Bh2+ 23. Kxh2 Bxg2+ 0-1

[Event "Live Chess"]
[Site "Chess.com"]
[Date "2023.05.21"]
[Round "-"]
[White "Pablo_dmp"]
[Black "DaveL5678"]
[Result "1-0"]
[WhiteElo "1888"]
[BlackElo "1012"]
[TimeControl "300"]
[EndTime "16:20:07 PDT"]
[Termination "Pablo_dmp won by resignation"]

1. e4 c6 2. d4 d5 3. e5 Bf5 4. h4 e6 5. g4 Be4 6. f3 Bg6 7. h5 Bxc2 8. Qxc2 Nd7 9. Nh3 Bb4+ 10. Bd2 Qa5 11. Bxb4 Qxb4+ 12. Qc3 Qb6 13. Nd2 c5 14. dxc5 Nxc5 15. b4 Na4 16. Qb3 Qc6 17. b5 Nc5 18. bxc6 Nxb3 19. axb3 bxc6 20. b4 Ne7 21. b5 cxb5 22.
Bxb5+ Kd8 23. Ng5 Kc7 24. Nxf7 Rhf8 25. Nd6 Rab8 26. Rc1+ Kb6 27. O-O Rfc8 28. Nxc8+ Nxc8 29. Bd7 Nd6 30. Bxe6 a5 31. exd6 a4 32. Rc8 Rxc8 33. Bxc8 a3 34. d7 a2 35. d8=Q+ Kc5 36. Qa5+ Kd4 37. Qxa2 Kd3 38. Ba6+ 1-0

[Event "Live Chess"]
[Site "Chess.com"]
[Date "2023.05.21"]
[Round "-"]
[White "KeithArkell"]
[Black "jennybobby44"]
[Result "1-0"]
[WhiteElo "2611"]
[BlackElo "1845"]
[TimeControl "300"]
[EndTime "16:20:10 PDT"]
[Termination "KeithArkell won by resignation"]

1. d4 Nf6 2. Nf3 d5 3. c4 e6 4. cxd5 exd5 5. Nc3 c6 6. Qc2 Be7 7. Bg5 h6 8. Bh4 O-O 9. e3 Re8 10. Bd3 Be6 11. O-O Nbd7 12. Rab1 Ng4 13. Bxe7 Qxe7 14.
Bh7+ Kh8 15. Bf5 Ngf6 16. b4 Bxf5 17. Qxf5 Qe6 18. Qxe6 Rxe6 19. Rfc1 Nb6 20. Ne5 Re7 21. b5 Rc8 22. bxc6 bxc6 23. Nd3 Nc4 24. Na4 Ne4 25. Nac5 Ned2 26. Ra1 g6 27. Nb3 Ne4 28. g3 Kg7 29.
Ndc5 Nxc5 30. Nxc5 Rb8 31. Rab1 Ree8 32. Nd3 Rec8 33.
Kg2 Rb6 34. Rb3 Rcb8 35. Nc5 Rxb3 36. axb3 Rb6 37. bxc4 dxc4 38. Rxc4 1-0

[Event "Live Chess"]
[Site "Chess.com"]
[Date "2023.05.21"]
[Round "-"]
[White "Daniel_Gliddon_FA"]
[Black "gmnorfolk"]
[Result "0-1"]
[WhiteElo "1204"]
[BlackElo "2112"]
[TimeControl "300"]
[EndTime "16:20:24 PDT"]
[Termination "gmnorfolk won by resignation"]

1. e4 e5 2. d4 exd4 3. c3 Qe7 4. Bd3 d5 5. Nd2 dxe4 6. Nxe4 f5 7.
f3 fxe4 8. fxe4 Nf6 9. Nf3 Nc6 10.
O-O dxc3 11. e5 Ng4 12. Bf4 Qc5+ 13. Kh1 cxb2 14. Rb1 Nf2+ 15. Rxf2 Qxf2 16. Bb5 Be6 17. Bxc6+ bxc6 18. Ng5 Bd5 19. Qh5+ g6 20. Qh3 Be7 21. Nxh7 Rxh7 0-1

[Event "Live Chess"]
[Site "Chess.com"]
[Date "2023.05.21"]
[Round "-"]
[White "JohanKjeldahl"]
[Black "Jo1ts"]
[Result "1-0"]
[WhiteElo "1874"]
[BlackElo "776"]
[TimeControl "300"]
[EndTime "16:20:25 PDT"]
[Termination "JohanKjeldahl won by checkmate"]

1. e4 d5 2. exd5 Qxd5 3. Nc3 Qd8 4. d4 Nf6 5. Nf3 e6 6. Be2 Nc6 7. O-O Bb4 8. a3 Bxc3 9. bxc3 O-O 10. Rb1 b6 11. Bg5 h6 12. Bh4 Ne7 13. Bxf6 gxf6 14. Qd2 Kh7 15. Rb5 Rg8 16. Rh5 Bb7 17. Qxh6# 1-0

[Event "Live Chess"]
[Site "Chess.com"]
[Date "2023.05.21"]
[Round "-"]
[White "CheckThis4"]
[Black "whitedjohn"]
[Result "1-0"]
[WhiteElo "2540"]
[BlackElo "1650"]
[TimeControl "300"]
[EndTime "16:20:38 PDT"]
[Termination "CheckThis4 won by checkmate"]

1. d4 Nf6 2. Nc3 d5 3. e4 dxe4 4. f3 exf3 5. Nxf3 Bg4 6. h3 Bh5 7. g4 Bg6 8. Ne5 e6 9. Bg2 c6 10.
h4 h5 11. Nxg6 fxg6 12. Qd3 Kf7 13. g5 Nd5 14. O-O+ Kg8 15. Qxg6 Qe7 16. Nxd5 exd5 17.
Bh3 Qd6 18. Be6+ Qxe6 19. Qxe6+ Kh7 20. g6# 1-0

[Event "Live Chess"]
[Site "Chess.com"]
[Date "2023.05.21"]
[Round "-"]
[White "Doge_Dandolo"]
[Black "EdenHazard8"]
[Result "1-0"]
[WhiteElo "2030"]
[BlackElo "2005"]
[TimeControl "300"]
[EndTime "16:20:46 PDT"]
[Termination "Doge_Dandolo won by resignation"]

1. Nf3 d5 2. c4 Nf6 3. cxd5 e6 4.
dxe6 Bxe6 5. Nc3 Nc6 6. d4 Bb4 7. a3 Bxc3+ 8. bxc3 O-O 9. Qc2 Na5 10. e4 Nxe4 11.
Qxe4 Re8 12. Be2 Bc4 13. Qg4 Rxe2+ 14. Kd1 Re6 15. Ne5 Bb3+ 16. Ke1 Nc4 17. Bg5 f6 18.
Qxe6+ 1-0

[Event "Live Chess"]
[Site "Chess.com"]
[Date "2023.05.21"]
[Round "-"]
[White "LL220284LL"]
[Black "Hussamalhaidar"]
[Result "1-0"]
[WhiteElo "2391"]
[BlackElo "1039"]
[TimeControl "300"]
[EndTime "16:21:01 PDT"]
[Termination "LL220284LL won by resignation"]

1. Nf3 d5 2. e3 Nc6 3. b3 e5 4. Bb2 Bd6 5. c4 d4 6. exd4 exd4 7. Nxd4 Nxd4 8. Bxd4 c5 9. Bxg7 Nf6 10. Bxh8 Qe7+ 11.
Qe2 Bg4 12. Qxe7+ Kxe7 13. Bxf6+ Kxf6 14. f3 Bf5 15. Nc3 Be5 16. Kf2 Rd8 17. g4 Rxd2+ 18. Be2 Bd3 19. Rad1 Bxc3 20. Rxd2 Bxd2 21. Bxd3 Bf4 22.
Be4 b6 23. h4 1-0

[Event "Live Chess"]
[Site "Chess.com"]
[Date "2023.05.21"]
[Round "-"]
[White "Biranidun"]
[Black "ZackirtyChess"]
[Result "1-0"]
[WhiteElo "2691"]
[BlackElo "1159"]
[TimeControl "300"]
[EndTime "16:21:11 PDT"]
[Termination "Biranidun won by checkmate"]

1. e4 e5 2. Nf3 Nc6 3. Bc4 Nf6 4. Ng5 d5 5. exd5 Na5 6. Bb5+ Bd7 7. Qe2 Bd6 8. Nc3 c6 9. dxc6 Bxc6 10. Bxc6+ bxc6 11. d3 h6 12. Nge4 Nxe4 13. Nxe4 O-O 14. Bd2 Qb6 15. Nxd6 Qxb2 16. O-O Nb7 17. Rab1 Qxa2 18. Rxb7 Rab8 19.
Rxb8 Rxb8 20. Qxe5 Rd8 21. Nf5 f6 22. Qc7 Qd5 23.
Qxg7# 1-0

[Event "Live Chess"]
[Site "Chess.com"]
[Date "2023.05.21"]
[Round "-"]
[White "Cimon"]
[Black "birdseed45"]
[Result "1-0"]
[WhiteElo "1877"]
[BlackElo "1857"]
[TimeControl "300"]
[EndTime "16:21:18 PDT"]
[Termination "Cimon won by resignation"]

1. Nf3 c5 2. c3 Nc6 3. d4 cxd4 4.
cxd4 d5 5. Nc3 g6 6. Bf4 Bg7 7.
e3 Nf6 8. Bd3 O-O 9. O-O a6 10.
Rc1 Nh5 11. Bg5 h6 12. Bh4 g5 13. Nxg5 hxg5 14. Qxh5 f5 15. Bxg5 Qe8 16. Qxe8 Rxe8 17. Nxd5 Be6 18. Nc7 Bf7 19. Nxa8 Rxa8 20. Bc4 e6 21. a3 b5 22. Bd3 Na5 23. Rc7 Bf8 24. d5 Bd6 25. Rc2 exd5 26. Bxf5 Nc4 27. Bd3 Ne5 28. Be2 Kh7 29. Bf4 Rg8 30. Bxe5 Bxe5 31. Bd3+ Kh6 32. g3 Bh5 33. Kg2 Rf8 34. f4 Bb8 35. Rc6+ Kg7 36. h3 Ba7 37. Re1 Bf7 38.
Rxa6 Bc5 39. b4 1-0

[Event "Live Chess"]
[Site "Chess.com"]
[Date "2023.05.21"]
[Round "-"]
[White "mattihelenius2"]
[Black "nigelst"]
[Result "0-1"]
[WhiteElo "489"]
[BlackElo "1801"]
[TimeControl "300"]
[EndTime "16:21:30 PDT"]
[Termination "nigelst won by resignation"]

1. d4 Nf6 2. c4 e6 3. Nf3 Bb4+ 4.
Nc3 c5 5. a3 Bxc3+ 6. bxc3 O-O 7. dxc5 Qc7 8. Ne5 Qxe5 9. e3 Qxc3+ 10. Bd2 Qe5 11. Rb1 Ne4 12. Qc1 Qf5 13. Bc3 Qxf2+ 14. Kd1 Qf5 15. Bd3 Nf2+ 16. Ke2 Nxd3 17. Qd2 Nxc5 18.
Qd4 f6 19. Rhf1 Qh5+ 20. Ke1 b6 21. Rb5 Nc6 22. a4 Nxd4 0-1

[Event "Live Chess"]
[Site "Chess.com"]
[Date "2023.05.21"]
[Round "-"]
[White "chessfiction"]
[Black "LiamClery2020"]
[Result "1-0"]
[WhiteElo "2343"]
[BlackElo "2062"]
[TimeControl "300"]
[EndTime "16:21:47 PDT"]
[Termination "chessfiction won by resignation"]

1. e4 Nf6 2. e5 Nd5 3. Nc3 Nxc3 4. dxc3 d6 5. Bc4 Nc6 6. e6 Bxe6 7. Bxe6 fxe6 8.
Nf3 g6 9. Ng5 Qd7 10. Qe2 e5 11. Be3 Bg7 12. O-O-O O-O-O 13. Nf7 Qe6 14. Nxh8 Bxh8 15. Kb1 d5 16. Rhe1 Qf5 17. Bc5 d4 18. cxd4 exd4 19. Qe6+ Qxe6 20. Rxe6 Rd5 21. Bxe7 Kd7 22.
Rde1 d3 23. cxd3 Rxd3 24. Ba3 Rd2 25. R6e2 Rxe2 26. Rxe2 Nd4 27. Rd2 Kc6 28. b3 Nb5 29. Bb2 Bc3 30. Rc2 1-0

[Event "Live Chess"]
[Site "Chess.com"]
[Date "2023.05.21"]
[Round "-"]
[White "Long1968"]
[Black "educatedlad"]
[Result "0-1"]
[WhiteElo "1201"]
[BlackElo "1617"]
[TimeControl "300"]
[EndTime "16:22:09 PDT"]
[Termination "educatedlad won on time"]

1. e4 e6 2. d4 d5 3. Nc3 Nf6 4. exd5 exd5 5. Bd3 Nc6 6. Nf3 Nb4 7. O-O Nxd3 8. Qxd3 Be7 9. Re1 O-O 10. Bg5 h6 11. Bf4 Re8 12. Re2 c6 13. Rae1 Be6 14.
Ne5 Qb6 15. Ng6 Ne4 16. Nxe7+ Rxe7 17. Nxe4 dxe4 18. Qxe4 Rae8 19. c4 Bxc4 20. Qxe7 Rxe7 21. Rxe7 Qxb2 22. Bc1 Qxd4 23. Rxb7 Qc3 24. Rbe7 Bxa2 0-1

[Event "Live Chess"]
[Site "Chess.com"]
[Date "2023.05.21"]
[Round "-"]
[White "GiacoPietro"]
[Black "smoggyrabbit"]
[Result "0-1"]
[WhiteElo "627"]
[BlackElo "1712"]
[TimeControl "300"]
[EndTime "16:22:19 PDT"]
[Termination "smoggyrabbit won by resignation"]

1. g3 d5 2. Bg2 c5 3. c4 Nf6 4. cxd5 Nxd5 5. Nc3 Nxc3 6. bxc3 Qc7 7. Nf3 Nc6 8. e3 g6 9. O-O Bg7 10. Bb2 Bg4 11. h3 Bxf3 12. Bxf3 O-O 13. d4 cxd4 14.
cxd4 Rfd8 15. Rc1 Qb6 16. Qd2 e5 17. d5 Ne7 18. Bxe5 Bxe5 19. e4 Qf6 20. Kg2 Rac8 21. Rxc8 Rxc8 22. Qb4 b6 23. Qa3 Rc3 24. Qxa7 Qxf3+ 25. Kg1 Bc7 26. Qa8+ Kg7 27. Qe8 Bd6 28. Qb5 Bc5 29.
d6 Qxg3+ 0-1

[Event "Live Chess"]
[Site "Chess.com"]
[Date "2023.05.21"]
[Round "-"]
[White "KeithArkell"]
[Black "AbilifyXL"]
[Result "1-0"]
[WhiteElo "2611"]
[BlackElo "1979"]
[TimeControl "300"]
[EndTime "16:22:21 PDT"]
[Termination "KeithArkell won by resignation"]

1. d4 d5 2. Nf3 c6 3. c4 Nf6 4.
Nc3 a6 5. e3 b5 6. b3 Bg4 7.
Be2 e6 8. h3 Bxf3 9. Bxf3 Nbd7 10. O-O Be7 11. a4 b4 12. Ne2 O-O 13. Nf4 Rc8 14. Bb2 a5 15. Rc1 h6 16. Qe2 Bd6 17.
Nd3 Re8 18. Rc2 Qe7 19. Rfc1 c5 20. cxd5 exd5 21. dxc5 Nxc5 22. Nxc5 Bxc5 23. Bd4 Nd7 24. Bxd5 Qd6 25. Bf3 Nb6 26. Rxc5 1-0

[Event "Live Chess"]
[Site "Chess.com"]
[Date "2023.05.21"]
[Round "-"]
[White "ExIsambard"]
[Black "GEMdzq"]
[Result "0-1"]
[WhiteElo "1933"]
[BlackElo "2220"]
[TimeControl "300"]
[EndTime "16:22:22 PDT"]
[Termination "GEMdzq won on time"]

1. d4 Nf6 2. Nf3 e6 3. Bg5 c5 4. c3 Qb6 5. b3 Nc6 6. e3 Be7 7.
Bd3 d6 8. Nbd2 O-O 9. h4 h6 10.
Qe2 Re8 11. Bxf6 Bxf6 12. g4 cxd4 13. cxd4 e5 14. dxe5 Nxe5 15. Nxe5 Bxe5 16. Rc1 d5 17. g5 Bd7 18. gxh6 Qxh6 19. Nf3 Bg4 20. Rg1 Qh5 21.
Rxg4 Qxg4 22. Kd2 Rac8 23. Rg1 Qb4+ 24. Kd1 Qa3 25. Bc2 d4 26. Nxe5 Rxe5 27. Qg4 Qf8 28. exd4 Re7 29. Qf5 g6 30. h5 Rc6 31. hxg6 fxg6 32.
Rxg6+ Rxg6 33. Qxg6+ Qg7 34. Kd2 Qxg6 35. Bxg6 Kg7 36.
Bd3 Kf6 37. f3 Rg7 38. Ke3 Rg2 39. a4 Rb2 40. Bc4 Kf5 41. d5 Ke5 42. f4+ Kd6 43.
Kd4 Rf2 44. Ke3 Rh2 45. Ke4 Rh4 46. Kf5 a6 47. Kg5 Rh2 48. f5 Rg2+ 49. Kf6 Rg1 50. Kf7 Ke5 51. f6 Rg5 52. d6 Kxd6 53. Ke8 Re5+ 54.
Kf8 b5 55. f7 bxc4 56. bxc4 Rf5 57. c5+ Ke6 58. Kg8 Rxf7 59. c6 Rc7 60. a5 Rxc6 0-1

[Event "Live Chess"]
[Site "Chess.com"]
[Date "2023.05.21"]
[Round "-"]
[White "laminaaprod"]
[Black "elvenstar"]
[Result "1-0"]
[WhiteElo "2249"]
[BlackElo "1559"]
[TimeControl "300"]
[EndTime "16:22:24 PDT"]
[Termination "laminaaprod won on time"]

1. Nf3 d5 2. d4 Nf6 3. c4 e6 4.
Nc3 Bb4 5. e3 O-O 6. Be2 b6 7.
O-O Bb7 8. a3 Be7 9. cxd5 Nxd5 10. Bd2 Nxc3 11. Bxc3 Bf6 12. Rc1 Nd7 13. b4 Re8 14. Qc2 Nf8 15. e4 Rc8 16. Rfd1 Qe7 17. b5 Ng6 18. Bb4 Qd7 19. a4 Nf4 20. Bf1 Be7 21. Bd2 Ng6 22. Be3 c6 23. Qb1 cxb5 24.
axb5 Rxc1 25. Rxc1 Rc8 26. Rxc8+ Qxc8 27. Bd3 Qc3 28.
Bd2 Qc7 29. Qa2 Bc8 30. g3 h6 31. Kf1 Nf8 32. Ke2 Nd7 33. Qxa7 Qxa7 34. Be3 Qa2+ 35. Bd2 Qb3 36. Ne1 Nb8 37. Bc2 Qxb5+ 38. Bd3 Qb3 39. f3 Nc6 40. Bc2 Qb5+ 41. Bd3 1-0

[Event "Live Chess"]
[Site "Chess.com"]
[Date "2023.05.21"]
[Round "-"]
[White "alanmike75"]
[Black "toog"]
[Result "0-1"]
[WhiteElo "1535"]
[BlackElo "2582"]
[TimeControl "300"]
[EndTime "16:22:42 PDT"]
[Termination "toog won by resignation"]

1. e4 c5 2. Nf3 Nc6 3. d4 cxd4 4. Nxd4 Nf6 5. Nxc6 bxc6 6. Bd3 e5 7. O-O d5 8.
Re1 dxe4 9. Bc4 Qxd1 10. Rxd1 Bc5 11. Nc3 Bf5 12. h3 O-O 13. Bg5 Rab8 14. b3 Bd4 15.
Bd2 Rfd8 16. Rab1 h6 17. Ne2 Bb6 18. Ng3 Bg6 19. Bc3 e3 20. fxe3 Bxe3+ 21. Kf1 Bf4 22.
Be1 Bxc2 0-1